 Dungeon Crawl Stone Soup version 0.26-a0-639-g72c4674329 (webtiles) character file.

Game seed: 12808071804658973592

23 puszystypenetrator the Grave Robber (level 2, -2/19 HPs)
             Began as a Demonspawn Necromancer on Sept 18, 2020.
             Was an Initiate of Ashenzari.
             Killed by nerve-wracking pain
             ... invoked by Grinder
              (4 damage)
             ... on level 3 of the Dungeon.
             The game lasted 00:06:13 (636 turns).

puszystypenetrator the Grave Robber (DsNe)           Turns: 636, Time: 00:06:13

Health: -2/19      AC:  3    Str:  8    XL:     2   Next: 75%
Magic:  2/5        EV: 12    Int: 16    God:    Ashenzari [......]
Gold:   48         SH:  0    Dex: 15    Spells: 4/5 levels left

rFire    . . .     SeeInvis .   b - +0 dagger
rCold    . . .     Faith    .   (no shield)
rNeg     . . .     Spirit   .   e - +0 leather armour
rPois    .         Reflect  .   (no helmet)
rElec    .         Harm     .   (no cloak)
rCorr    .         Rampage  .   (no gloves)
MR       .....                  (no boots)
Stlth    +++.......             (no amulet)
HPRegen  0.06/turn              (no ring)
MPRegen  0.09/turn              (no ring)

@: lethally poisoned (-2 -> -8)
A: thin skeletal structure 1
a: Curse Item, Renounce Religion


You were on level 3 of the Dungeon.
You worshipped Ashenzari.
Ashenzari was noncommittal.
You visited 1 branch of the dungeon, and saw 3 of its levels.

You collected 48 gold pieces.

Inventory:

Hand Weapons
 b - a +0 dagger (weapon)
Armour
 a - a +0 robe
 e - a +0 leather armour (worn)
Scrolls
 c - 4 scrolls of identify


   Skills:
 + Level 0.2 Fighting
 + Level 0.1 Armour
 + Level 2.1 Dodging
 + Level 1.8 Stealth
 + Level 2.3 Spellcasting
 + Level 4.8 Necromancy


You had 4 spell levels left.
You knew the following spells:

 Your Spells              Type           Power        Failure   Level
a - Pain                  Necr           ###.         4%          1

Your spell library contained the following spells:

 Spells                   Type           Power        Failure   Level
 Animate Skeleton         Necr           ###...       4%          1
 Vampiric Draining        Necr           ###.......   12%         3
 Animate Dead             Necr           ###.......   38%         4
 Agony                    Necr           ###.....     75%         5


Dungeon Overview and Level Annotations

Branches:
Dungeon (3/15)

Altars:
Ashenzari
Xom

Portals:
Sewer: D:3

Annotations:
D:3 Grinder


Innate Abilities, Weirdness & Mutations

You have a somewhat thin skeletal structure. (Dex +2, Stealth)


Message History

The giant cockroach writhes in agony.
The giant cockroach barely misses you. The giant cockroach misses you.
Grinder blinks!
Grinder blinks!
You see here 2 poisoned darts.
The giant cockroach closely misses you.
The giant cockroach bites you but does no damage.
Casting: Pain (safe; 4% risk of failure)
Confirm with . or Enter, or press ? or * to list all spells.
Aiming: Pain (safe; 4% risk of failure)
Press: ? - help, Shift-Dir - straight line, f/p - giant cockroach
Aim: a giant cockroach (heavily wounded, chance to defeat MR: 87%)
The giant cockroach writhes in agony!
You kill the giant cockroach!
The kobold throws a poisoned dart.
The poisoned dart barely misses you.
The kobold throws a poisoned dart.
The poisoned dart hits you!
You are lethally poisoned!
Grinder gestures at you. Pain shoots through your body!
You die...

#. #.# #...........#
##.####.####............
............K..........^
#.#...................^
..............######.^
#.........##.## #...
#.........##..# #...
#...(.....###.## #...
####@########§.###...
#...(.5.......#...
#...#.#####.#.#...
#≈≈≈#.# #.#.#...
#≈≈≈#.### #†#....#
#≈≈≈#...###..###
#≈≈≈#...s.....#
#≈∩≈#.#.####.(#
#≈≈≈#.#... ......


You could see Grinder and a kobold.

Vanquished Creatures
  A leopard gecko (D:3)
  6 giant cockroaches
  A goblin (D:1)
  6 hobgoblins
  A kobold (D:2)
  A ball python (D:2)
  A frilled lizard (D:1)
  A rat (D:1)
18 creatures vanquished.

Notes
Turn   | Place    | Note
-------+----------+-------------------------------------------
     0 | D:1      | puszystypenetrator the Demonspawn Necromancer began the
                  | quest for the Orb.
     0 | D:1      | Reached XP level 1. HP: 13/13 MP: 3/3
   217 | D:1      | Gained mutation: You have a somewhat thin skeletal
                  | structure. (Dex +2, Stealth) [demonic ancestry]
   217 | D:1      | Reached XP level 2. HP: 8/19 MP: 0/5
   382 | D:2      | Found a shattered altar of Ashenzari.
   397 | D:2      | Became a worshipper of Ashenzari the Shackled
   515 | D:3      | Found a shimmering altar of Xom.
   557 | D:3      | Found a glowing drain.
   612 | D:3      | Noticed Grinder
   636 | D:3      | Killed from afar by Grinder

Illustrated notes

Levels and vault maps discovered:
D:1:      tarquinn_simple_flora_water_a, layout_loops_ring
D:2:      layout_loops_corners, nicolae_overflow_hidden_temple,
          lemuel_round_altar, kiku_gazebo_garden_becter,
          gammafunk_temple_overflow_wave, overflow_temple_1_default,
          minmay_tetromino_o2
D:3:      layout_basic, lemuel_crystal_altar, xom_teletrap_fun,
          yredelemnul_altar_generic, portal_sewer_entry_f,
          hangedman_abyss_or_decor_stabs, uniq_grinder

Skill      XL: |  1  2 |
---------------+-------+-----
Dodging        | 2 |  2.1
Fighting       | |  0.2
Armour         | |  0.1
Stealth        | |  1.8
Spellcasting   | |  2.3
Necromancy     | |  4.8

Action                   || total
-------------------------++-------
Melee: Whip              ||     6
       Unarmed           ||     4
       Dagger            ||    13
 Cast: Pain              ||    26
  Use: Scroll            ||     3
       Potion            ||     2
 Stab: Invisible         ||     1
Armor: Robe              ||     2
       Leather armour    ||    11
Dodge: Dodged            ||    31

Table legend: (Time is in decaauts)
 A = Elapsed time spent in this place.
 B = Non-inter-level travel time spent in this place.
 C = Inter-level travel time spent in this place.
 D = Time resting spent in this place.
 E = Time spent auto-exploring this place.
 F = Levels seen in this place.
 G = Mean time per level.
                   A        B        C        D        E       F      G
               +--------+--------+--------+--------+--------+-----+--------+
         Total |    636 |    624 |     12 |      0 |      0 |   3 |  212.0 |
       Dungeon |    636 |    624 |     12 |      0 |      0 |   3 |  212.0 |
               +--------+--------+--------+--------+--------+-----+--------+

Top non-repeatable levels by time:
     D:1: 365 daAuts
     D:2: 143 daAuts
     D:3: 126 daAuts
